 Dungeon Crawl Stone Soup version 0.23.2-1-ga50397a (webtiles) character file.

Game seed: 3492465670872428721

2750 MalarOregon the Skirmisher (level 9, 0/81 HPs)
             Began as a Ghoul Fighter on May 30, 2019.
             Was an Initiate of Makhleb.
             Slain by an orc warrior
             ... wielding a +0 hand axe
              (16 damage)
             ... on level 7 of the Dungeon.
             The game lasted 00:08:35 (5528 turns).

MalarOregon the Skirmisher (Ghoul Fighter)          Turns: 5528, Time: 00:08:36

Health: 0/81       AC:  7    Str: 23      XL:     9   Next: 68%
Magic:  8/8        EV:  8    Int:  3      God:    Makhleb [......]
Gold:   490        SH: 10    Dex:  7 (8)  Spells: 8/8 levels left

rFire    . . .     SeeInvis .     - Unarmed
rCold    + . .     Gourm    .   b - +0 shield
rNeg     + + +     Faith    .   a - +0 scale mail
rPois    ∞         Spirit   .   (no helmet)
rElec    .         Reflect  .   (no cloak)
rCorr    .         Harm     .   (no gloves)
MR       .....                  (no boots)
Stlth    ..........             (no amulet)
HPRegen  0.00/turn              (no ring)
MPRegen  0.11/turn              (no ring)

@: rotting
A: rotting body, claws 1, carnivore, cold resistance 1, negative energy
resistance 3, inhibited regeneration, torment resistance, unbreathing
a: Renounce Religion


You were on level 7 of the Dungeon.
You worshipped Makhleb.
Makhleb was noncommittal.
You were not hungry.

You visited 2 branches of the dungeon, and saw 8 of its levels.
You also visited: Sewer.

You collected 490 gold pieces.

Inventory:

Missiles
 u - a throwing net (quivered) {!f}
Armour
 a - a +0 scale mail (worn)
 b - a +0 shield (worn)
Jewellery
 q - an uncursed amulet of the acrobat {unknown}
   (You found it on level 2 of the Dungeon)
 w - an uncursed amulet of faith {unknown}
   (You found it on level 5 of the Dungeon)
Wands
 t - a wand of flame (10)
   (You found it on level 5 of the Dungeon)
 v - a wand of digging (5)
   (You found it on level 4 of the Dungeon)
 x - a wand of acid (4)
   (You found it on level 4 of the Dungeon)
Scrolls
 j - 2 scrolls of amnesia
 k - 2 scrolls of teleportation {unknown}
 m - a scroll of fear
 n - a scroll of fog
 y - a scroll of enchant armour {unknown}
 B - a scroll of noise {unknown}
Potions
 c - 4 potions of might
 d - 3 potions of cancellation
 f - 2 potions of brilliance
 g - 12 potions of curing {@q1}
 h - 3 potions of flight
 l - a potion of ambrosia
 o - a potion of haste {@q3}
 p - 2 potions of agility
 s - a potion of heal wounds {@q2}
 A - a potion of magic {unknown}
Comestibles
 e - 16 rations {!d}
 C - 3 chunks of flesh


   Skills:
 + Level 7.8 Fighting
 + Level 6.5 Armour
 + Level 6.5 Shields
 + Level 7.3 Unarmed Combat


You had 8 spell levels left.
You didn't know any spells.
Your spell library was empty.

Dungeon Overview and Level Annotations

Branches:
Dungeon (7/15)             Temple (1/1) D:5

Altars:
Ashenzari
Cheibriados
Dithmenos
Elyvilon
Gozag
Hepliaklqana
Kikubaaqudgha
Makhleb
Nemelex Xobeh
Okawaru
Qazlal
Ru
Sif Muna
Trog
Uskayaw
Vehumet
Wu Jian
Xom
Yredelemnul
Zin
The Shining One


Innate Abilities, Weirdness & Mutations

Your body is rotting away.
You thrive on raw meat.
You are immune to poison.
You have sharp fingernails.
You are carnivorous and can eat meat at any time.
Your flesh is cold resistant. (rC+)
You are immune to negative energy. (rN+++)
You do not regenerate when monsters are visible.
You are immune to unholy pain and torment.
You can survive without breathing.


Message History

The quasit bites you but does no damage.
You block the quasit's attack. x2
The quasit bites you but does no damage.
The quasit barely misses you. The quasit closely misses you.
You scratch the orc warrior.
The orc warrior hits you with a +0 hand axe.
The quasit barely misses you. The quasit claws you.
You feel clumsy. You block the quasit's attack.
You claw the orc warrior! You block the orc warrior's attack.
The quasit bites you but does no damage.
The quasit claws you but does no damage.
The quasit barely misses you.
Your shield and scale mail prevent you from hitting the orc warrior.
You block the quasit's attack. x2
The quasit claws you but does no damage.
The orc warrior barely misses you.
You scratch the orc warrior but do no damage.
You block the quasit's attack.
The quasit claws you but does no damage.
You block the quasit's attack.
The orc warrior hits you with a +0 hand axe!
You barely miss the orc warrior. You block the quasit's attack. x3
The quasit bites you but does no damage.
The quasit barely misses you. The quasit completely misses you.
The orc warrior hits you with a +0 hand axe!
* * * LOW HITPOINT WARNING * * *
You scratch the orc warrior but do no damage.
You block the quasit's attack.
The quasit claws you but does no damage.
The quasit barely misses you.
You scratch the orc warrior. The orc warrior closely misses you.
You block the quasit's attack.
The quasit claws you but does no damage.
The quasit barely misses you.
You scratch the orc warrior. You block the orc warrior's attack.
You block the quasit's attack.
The quasit claws you but does no damage.
The quasit claws you.
* * * LOW HITPOINT WARNING * * *
You scratch the orc warrior.
The quasit bites you but does no damage.
The quasit barely misses you. The quasit completely misses you.
The orc warrior hits you with a +0 hand axe!!
* * * LOW HITPOINT WARNING * * *
You scratch the orc warrior. You block the quasit's attack.
The quasit claws you but does no damage.
You block the quasit's attack.
The orc warrior hits you with a +0 hand axe!
You die...

,,,***,,**,,,**,,,***,,,**,,,,,,*
,,....,,,,,,,,,,,,,,,,,,*,,,,,,,*
,,......,,,,,,,,,,,,,,,,*,,,,,,,*
,,.......,,,,,,,,,,,,,,,**,,,,,,*
,,,......,,,,,,,,,,,,,,(**,,,,,,*
,***#...#*#+##*,,***,...**,,,,,,*
,####...###..#######....**,,,,,,*
,#......................,,,,,,,,*
.+..............@5......,,,,,,,,*
.#...............o......**,,,,,,,
.#......................*********
.#......................,,,,,,,,,
.###...####..........##.**,******
.###...####..#.#..###..,,*,*,,,,,
...'.........#......,#.#*,,*,*'*,
...#.........####.#(,,##**,*,*,*,
...#.........*,*,*,**,***,,*,***,


You could see an orc warrior and a quasit.

Vanquished Creatures
  Sigmund (D:6)
  Eustachio (D:5)
  Menkaure (D:4)
  A phantom (D:6)
  A sky beast (D:6)
  A black bear (D:6)
  2 ogres
  2 centaurs (D:5)
  5 big kobolds (Sewer)
  4 bullfrogs
  A scorpion (D:5)
  2 howler monkeys
  A bullfrog zombie (D:6)
  2 crimson imps
  An orc priest (D:4)
  A jelly (D:6)
  4 hounds
  Terence (D:2)
  5 orc wizards
  Jessica (D:2)
  Natasha (thrice) (D:3)
  6 worker ants
  A hound skeleton (D:6)
  A worker ant zombie (D:6)
  4 gnolls
  A river rat (D:3)
  7 adders
  3 oozes
  An adder skeleton (D:6)
  3 worms
  2 dart slugs
  7 leopard geckos
  10 orcs
  2 ball pythons
  7 giant cockroaches
  11 goblins
  6 hobgoblins
  7 jackals
  22 kobolds
  3 quokkas
  9 bats
  7 frilled lizards
  A jackal zombie (D:5)
  7 rats
169 creatures vanquished.

Vanquished Creatures (others)
  2 plants (D:7)
2 creatures vanquished.

Grand Total: 171 creatures vanquished

Notes
Turn   | Place    | Note
-------+----------+-------------------------------------------
     0 | D:1      | MalarOregon the Ghoul Fighter began the quest for the Orb.
     0 | D:1      | Reached XP level 1. HP: 19/19 MP: 0/0
   119 | D:1      | Reached XP level 2. HP: 10/26 MP: 1/1
   601 | D:1      | Reached XP level 3. HP: 28/31 MP: 2/2
   928 | D:2      | Noticed Jessica
   934 | D:2      | Killed Jessica
   948 | D:2      | Reached XP level 4. HP: 37/40 MP: 3/3
  1030 | D:2      | Noticed Terence
  1055 | D:2      | Killed Terence
  1380 | D:2      | Reached XP level 5. HP: 46/46 MP: 4/4
  1954 | D:3      | Noticed Natasha
  1960 | D:3      | Killed Natasha
  2154 | D:3      | Found a glowing drain.
  2159 | Sewer    | Entered a sewer
  2175 | Sewer    | Noticed a big kobold
  2189 | Sewer    | Killed a big kobold
  2189 | Sewer    | Reached XP level 6. HP: 38/53 MP: 5/5
  2461 | Sewer    | Reached skill level 5 in Fighting
  2461 | Sewer    | Reached XP level 7. HP: 48/61 MP: 6/6
  2601 | D:3      | Noticed Natasha
  2613 | D:3      | Killed Natasha
  2879 | D:3      | Noticed Natasha
  2884 | D:3      | Killed Natasha
  3110 | D:4      | Reached skill level 5 in Unarmed Combat
  3155 | D:4      | Reached XP level 8. HP: 32/70 MP: 7/7
  3266 | D:4      | Reached skill level 5 in Armour
  3340 | D:4      | Reached skill level 5 in Shields
  3381 | D:4      | Noticed Menkaure
  3391 | D:4      | Killed Menkaure
  3625 | D:5      | Entered Level 5 of the Dungeon
  3711 | D:5      | Found a shimmering altar of Xom.
  3712 | D:5      | Found a shimmering altar of Xom.
  3712 | D:5      | Found a shimmering altar of Xom.
  3712 | D:5      | Found a shimmering altar of Xom.
  3713 | D:5      | Found a shimmering altar of Xom.
  3714 | D:5      | Found a shimmering altar of Xom.
  3815 | D:5      | Noticed Eustachio
  3838 | D:5      | Killed Eustachio
  3968 | D:5      | Found a staircase to the Ecumenical Temple.
  4178 | D:5      | Found a basalt altar of Yredelemnul.
  4179 | D:5      | Found a bloodstained altar of Trog.
  4226 | D:5      | Reached XP level 9. HP: 78/78 MP: 8/8
  4598 | Temple   | Entered the Ecumenical Temple
  4609 | Temple   | Became a worshipper of Makhleb the Destroyer
  4774 | D:6      | Found a white marble altar of Elyvilon.
  4936 | D:6      | Found a shimmering altar of Xom.
  4958 | D:6      | Noticed Sigmund
  4975 | D:6      | Killed Sigmund
  5395 | D:6      | Found a stormy altar of Qazlal.
  5528 | D:7      | Slain by an orc warrior

Skill      XL: |  1  2  3  4  5  6  7  8  9 |
---------------+----------------------------+-----
Armour         | 3 4 5 6 |  6.5
Shields        | 3 4 5 6 |  6.5
Unarmed Combat | 3 4 5 6 7 |  7.3
Fighting       | 4 5 6 7 |  7.8

Action                   |  1- 3 |  4- 6 |  7- 9 || total
-------------------------+-------+-------+-------++-------
Melee: Unarmed           |    92 |   269 |   426 ||   787
Throw: Throwing net      |       |       |     1 ||     1
  Use: Scroll            |       |     3 |    13 ||    16
  Eat: Chunk             |     1 |    15 |    37 ||    53
Armor: Scale mail        |    40 |   103 |   197 ||   340
Dodge: Dodged            |    30 |   107 |   173 ||   310
Block: Shield            |    38 |   133 |   283 ||   454
